Sewer Rats vs Patriotes
Created - February 9, 2018 at 19:37
Goals
|
| Sewer Rats |
2 |
3 |
3 |
8 |
| Patriotes |
0 |
2 |
2 |
4 |
|
Shots
|
| Sewer Rats |
15 |
10 |
13 |
38 |
| Patriotes |
8 |
13 |
13 |
34 |
|
1st period
1. Sewer Rats , Kyle Turris 37 (Ville Leino 47, Mark Mancari 35) at 14:32 (PP)
2. Sewer Rats , Daniel Carr 14 (Steven Kampfer 15, William Karlsson 10) at 19:11
Penalties :
Timothy Kunes (Nyc) for Hooking (Minor) at 7:14, Kyle Turris (Tol) for Tripping (Minor) at 7:33, Anthony Bitetto (Nyc) for Boarding (Major) at 10:10, Matt Lashoff (Tol) for Diving (Minor) at 11:46
2nd period
3. Patriotes , Christian Hanson 27 (Andrew Gordon 32, Anthony Bitetto 18) at 5:12
4. Sewer Rats , Vincent Trocheck 10 (Martin Frk 20, Jonathan Huberdeau 14) at 14:02
5. Patriotes , Andrew Gordon 23 (David Kolomatis 18, Christian Hanson 23) at 14:55
6. Sewer Rats , Zach Boychuk 25 (Jared Boll 17, Matt Lashoff 17) at 15:45 (PP)
7. Sewer Rats , Zach Boychuk 26 (Joel Edmundson 10) at 19:13
Penalties :
Mark Mancari (Tol) for Roughing (Minor) at 8:54, Ryan Wilson (Nyc) for Holding (Minor) at 15:02
3rd period
8. Patriotes , Christian Hanson 28 (Andrew Gordon 33) at 6:19 (PP)
9. Sewer Rats , Martin Frk 5 (Jonathan Huberdeau 15, Ryan Murphy 8) at 9:21
10. Patriotes , Justin Florek 12 (Aaron Ness 6, Evgeny Kuznetsov 21) at 11:15
11. Sewer Rats , Dmitrij Jaskin 9 (William Karlsson 11) at 18:23
12. Sewer Rats , Kyle Turris 38 (Mark Mancari 36) at 19:57 (PP)
Penalties :
Richard Bachman (Tol) for Slashing (Minor) at 0:26 - Matt Lashoff served the penalty, Kyle Turris (Tol) for Roughing (Minor) at 6:08, Timothy Kunes (Nyc) for Hooking (Minor) at 19:50
Goalie Stats
Richard Bachman (Tol), 30 saves from 34 shots - (0.882), W, 14-13-0, 60:00 minutes
Marek Schwarz (Nyc), 30 saves from 38 shots - (0.789), L, 8-12-4, 60:00 minutes
Players Stats for Sewer Rats
Player Name G A P +/- PIM S H SB GA TA FO MP PP MP PK MP
------------------------------------------------------------------------------------
Connor Carrick 0 0 0 1 0 0 0 0 0 1 0/0 4:48 0:39 0:46
Daniel Carr 1 0 1 1 0 2 1 4 1 0 0/0 8:53 0:00 0:45
Dmitrij Jaskin 1 0 1 1 0 1 1 0 0 0 0/0 7:12 0:00 0:00
Jared Boll 0 1 1 1 0 4 0 0 0 0 0/1 14:02 0:59 0:00
Jarred Tinordi 0 0 0 -1 0 0 0 0 0 0 0/0 20:28 0:49 1:29
Joel Edmundson 0 1 1 -1 0 0 3 1 0 0 0/0 20:28 0:49 1:29
John Ramage 0 0 0 0 0 0 1 0 0 1 0/0 10:20 0:39 0:00
Jonathan Huberdeau 0 2 2 1 0 1 1 0 0 0 1/1 12:34 0:00 1:08
Jonathan Marchessault 0 0 0 1 0 2 0 0 1 0 2/10 14:02 0:59 0:00
Jonathan Racine 0 0 0 0 0 0 0 0 0 0 0/0 0:00 0:00 0:00
Joseph Blandisi 0 0 0 0 0 0 0 0 0 0 0/0 0:03 0:00 0:02
Josh Archibald 0 0 0 0 0 0 0 0 0 0 0/0 0:00 0:00 0:00
Kyle Turris 2 0 2 -1 4 6 0 0 0 0 15/37 21:31 3:09 0:41
Mark Mancari 0 2 2 -1 2 3 3 0 0 2 3/4 22:44 2:31 1:24
Martin Frk 1 1 2 1 0 3 0 0 0 0 0/0 10:22 0:00 0:00
Matt Lashoff 0 1 1 2 2 2 1 1 0 1 0/0 24:45 3:19 1:29
Nick Cousins 0 0 0 0 0 0 0 0 0 0 0/0 0:00 0:00 0:00
Ryan Murphy 0 1 1 0 0 1 0 1 0 0 0/0 10:21 0:00 1:08
Steven Kampfer 0 1 1 2 0 2 1 5 2 0 0/0 26:16 2:41 2:35
Tom Sestito 0 0 0 0 0 0 0 0 0 0 0/0 0:00 0:00 0:00
Ville Leino 0 1 1 -1 0 0 3 0 2 0 1/8 23:38 2:31 2:20
Vincent Trocheck 1 0 1 1 0 1 1 0 0 0 1/4 11:58 0:00 1:34
William Karlsson 0 2 2 1 0 3 1 1 0 0 4/6 7:34 0:00 0:21
Xavier Ouellet 0 0 0 1 0 0 0 0 0 0 0/0 3:14 0:00 0:00
Zach Boychuk 2 0 2 1 0 7 2 0 1 0 2/2 16:36 1:38 0:41
Players Stats for Patriotes
Player Name G A P +/- PIM S H SB GA TA FO MP PP MP PK MP
------------------------------------------------------------------------------------
Aaron Ness 0 1 1 -1 0 2 1 0 0 1 0/0 11:51 0:02 2:05
Alex Petrovic 0 0 0 -1 0 0 0 1 0 2 0/0 12:09 0:17 0:15
Andrew Gordon 1 2 3 0 0 2 1 2 0 0 7/10 25:18 2:12 2:47
Anthony Bitetto 0 1 1 2 5 0 0 1 1 1 0/0 18:17 1:42 0:16
Austin Watson 0 0 0 -1 0 0 0 0 0 0 0/0 0:30 0:00 0:09
Christian Hanson 2 1 3 0 0 7 2 2 1 0 23/36 25:19 2:12 2:47
David Kolomatis 0 1 1 2 0 1 0 1 0 1 0/0 20:35 1:42 1:43
Emerson Etem 0 0 0 0 0 4 0 0 0 0 0/0 6:04 0:00 0:00
Evgeny Kuznetsov 0 1 1 0 0 1 0 0 0 0 2/4 9:48 0:00 0:00
Fedor Fedorov 0 0 0 0 0 3 1 2 0 2 2/2 23:12 2:12 1:18
Jared Knight 0 0 0 -1 0 0 0 0 0 0 0/0 0:45 0:02 0:04
Justin Florek 1 0 1 0 0 1 0 0 0 0 0/0 9:48 0:00 0:00
Mark Stone 0 0 0 0 0 0 1 0 0 0 0/1 9:48 0:00 0:00
Matt Calvert 0 0 0 -1 0 3 0 0 0 0 2/2 15:25 2:14 0:00
Phil McRae 0 0 0 0 0 1 0 0 0 0 0/1 6:04 0:00 0:00
Riley Barber 0 0 0 0 0 0 0 0 0 0 0/0 0:00 0:00 0:00
Robert Baillargeon 0 0 0 0 0 0 0 0 0 0 0/0 0:00 0:00 0:00
Ryan Wilson 0 0 0 -3 2 0 3 4 3 0 0/0 28:44 2:29 1:59
Scott Glennie 0 0 0 -1 0 0 0 0 0 0 0/2 1:14 0:05 0:04
Timothy Kunes 0 0 0 -3 4 4 3 2 0 0 0/0 28:24 2:46 2:00
Tyler Randell 0 0 0 -1 0 1 4 0 0 0 0/1 17:44 2:14 1:09
Vince Hinostroza 0 0 0 0 0 0 0 0 0 0 0/0 6:04 0:00 0:00
Zenon Konopka 0 0 0 -1 0 4 0 0 0 0 8/14 15:05 2:11 0:00
3 Stars
1 - Zach Boychuk (Tol)
2 - Christian Hanson (Nyc)
3 - Martin Frk (Tol)
Power Play
Sewer Rats - 3 on 5 Attempt(s) - 60.00%
Patriotes - 1 on 5 Attempt(s) - 20.00%
Penalty Kill
Sewer Rats - 4 on 5 Attempt(s) - 80.00%
- Score 0 goal in Penalty Kill
Patriotes - 2 on 5 Attempt(s) - 40.00%
- Score 0 goal in Penalty Kill
Team Stat
Sewer Rats - Hits : 19 - Faceoff Wins : 29 - Blocked Shots : 13 - Penalty Minutes : 10
Patriotes - Hits : 16 - Faceoff Wins : 44 - Blocked Shots : 15 - Penalty Minutes : 11
Official
Referees : Pollock Kevin and McCreary Bill
Linesman : Shane Heyer and Brad Kovachik
Game Notes
11:15 of 3rd period - Patriotes goal is going for a video replay. After video review, Goal.
Finance
Level 1 -- Attendance: 1332 (66.60%) -- Ticket Income $53,280
Level 2 -- Attendance: 647 (64.70%) -- Ticket Income $12,940
Total Attendance: 1979 (65.97%)
Total Ticket Income: $66,220
Other Income: $3,311
Total Income: $69,531
Sewer Rats
5 vs 5 Forward
Center Left Wing Right Wing Time % Phy DF OF
1 Kyle Turris Ville Leino Mark Mancari 40 1 2 2
2 Jonathan Marchessault Zach Boychuk Jared Boll 30 1 2 2
3 Vincent Trocheck Jonathan Huberdeau Martin Frk 20 1 2 2
4 William Karlsson Daniel Carr Dmitrij Jaskin 10 1 2 2
5 vs 5 Defense
Defense Defense Time % Phy DF OF
1 Matt Lashoff Steven Kampfer 40 1 2 2
2 Jarred Tinordi Joel Edmundson 30 1 2 2
3 John Ramage Ryan Murphy 20 1 2 2
4 Connor Carrick Xavier Ouellet 10 1 2 2
PowerPlay Forward
Center Left Wing Right Wing Time % Phy DF OF
1 Kyle Turris Ville Leino Mark Mancari 60 1 2 2
2 Jonathan Marchessault Zach Boychuk Jared Boll 40 1 2 2
PowerPlay Defense
Defense Defense Time % Phy DF OF
1 Matt Lashoff Steven Kampfer 60 1 2 2
2 Jarred Tinordi Joel Edmundson 40 1 2 2
Penalty Kill 4 Players Forward
Center Wing Time % Phy DF OF
1 Ville Leino Mark Mancari 60 1 2 2
2 Kyle Turris Zach Boychuk 40 1 2 2
Penalty Kill 4 Players Defense
Defense Defense Time % Phy DF OF
1 Matt Lashoff Steven Kampfer 60 1 2 2
2 Jarred Tinordi Joel Edmundson 40 1 2 2
Penalty Kill - 3 Players Forward
Forward Time % Phy DF OF
1 Ville Leino 60 1 2 2
2 Mark Mancari 40 1 2 2
Penalty Kill - 3 Players Defense
Defense Defense Time % Phy DF OF
1 Matt Lashoff Steven Kampfer 60 1 2 2
2 Jarred Tinordi Joel Edmundson 40 1 2 2
4 vs 4 Forward
Center Wing Time % Phy DF OF
1 Ville Leino Mark Mancari 60 1 2 2
2 Kyle Turris Zach Boychuk 40 1 2 2
4 vs 4 Defense
Defense Defense Time % Phy DF OF
1 Matt Lashoff Steven Kampfer 60 1 2 2
2 Jarred Tinordi Joel Edmundson 40 1 2 2
Last Minutes Offensive
Center Left Wing Right Wing Defense Defense
Kyle Turris Ville Leino Mark Mancari Matt Lashoff Steven Kampfer
Last Minutes Defensive
Center Left Wing Right Wing Defense Defense
Kyle Turris Ville Leino Mark Mancari Matt Lashoff Steven Kampfer
Goaltenders
Starting : Richard Bachman
Backup : Marek Mazanek
Extra Forwards
Normal : Jonathan Huberdeau, Daniel Carr, Vincent Trocheck - PP : Jonathan Huberdeau, Daniel Carr - PK : Vincent Trocheck
Extra Defensemen
Normal : John Ramage, Ryan Murphy, Connor Carrick - PP : John Ramage - PK : Ryan Murphy, Connor Carrick
Penalty Shots
Ville Leino, Mark Mancari, Kyle Turris, Zach Boychuk, Jared Boll
Scratches
Chris Calhan (Healthy), Sergei Kostenko (Healthy)
Patriotes
5 vs 5 Forward
Center Left Wing Right Wing Time % Phy DF OF
1 Christian Hanson Fedor Fedorov Andrew Gordon 40 1 2 2
2 Zenon Konopka Matt Calvert Tyler Randell 30 1 2 2
3 Evgeny Kuznetsov Justin Florek Mark Stone 20 1 2 2
4 Phil McRae Vince Hinostroza Emerson Etem 10 1 2 2
5 vs 5 Defense
Defense Defense Time % Phy DF OF
1 Ryan Wilson Timothy Kunes 40 1 2 2
2 Anthony Bitetto David Kolomatis 30 1 2 2
3 Alex Petrovic Aaron Ness 20 1 2 2
4 Ryan Wilson Timothy Kunes 10 1 2 2
PowerPlay Forward
Center Left Wing Right Wing Time % Phy DF OF
1 Christian Hanson Fedor Fedorov Andrew Gordon 60 1 2 2
2 Zenon Konopka Matt Calvert Tyler Randell 40 1 2 2
PowerPlay Defense
Defense Defense Time % Phy DF OF
1 Ryan Wilson Timothy Kunes 60 1 2 2
2 Anthony Bitetto David Kolomatis 40 1 2 2
Penalty Kill 4 Players Forward
Center Wing Time % Phy DF OF
1 Andrew Gordon Christian Hanson 60 1 2 2
2 Fedor Fedorov Tyler Randell 40 1 2 2
Penalty Kill 4 Players Defense
Defense Defense Time % Phy DF OF
1 Ryan Wilson Timothy Kunes 60 1 2 2
2 Anthony Bitetto David Kolomatis 40 1 2 2
Penalty Kill - 3 Players Forward
Forward Time % Phy DF OF
1 Andrew Gordon 60 1 2 2
2 Christian Hanson 40 1 2 2
Penalty Kill - 3 Players Defense
Defense Defense Time % Phy DF OF
1 Ryan Wilson Timothy Kunes 60 1 2 2
2 Anthony Bitetto David Kolomatis 40 1 2 2
4 vs 4 Forward
Center Wing Time % Phy DF OF
1 Andrew Gordon Christian Hanson 60 1 2 2
2 Fedor Fedorov Tyler Randell 40 1 2 2
4 vs 4 Defense
Defense Defense Time % Phy DF OF
1 Ryan Wilson Timothy Kunes 60 1 2 2
2 Anthony Bitetto David Kolomatis 40 1 2 2
Last Minutes Offensive
Center Left Wing Right Wing Defense Defense
Christian Hanson Fedor Fedorov Andrew Gordon Ryan Wilson Timothy Kunes
Last Minutes Defensive
Center Left Wing Right Wing Defense Defense
Christian Hanson Fedor Fedorov Andrew Gordon Ryan Wilson Timothy Kunes
Goaltenders
Starting : Marek Schwarz
Backup : Andrei Vasilevskiy
Extra Forwards
Normal : Scott Glennie, Jared Knight, Austin Watson - PP : Scott Glennie, Jared Knight - PK : Austin Watson
Extra Defensemen
Normal : Alex Petrovic, Aaron Ness, Anthony Bitetto - PP : Alex Petrovic - PK : Aaron Ness, Anthony Bitetto
Penalty Shots
Andrew Gordon, Christian Hanson, Fedor Fedorov, Tyler Randell, Zenon Konopka
Scratches
Robbie Russo (Broken Nose Injury), Phoenix Copley (Healthy)
% Time on Ice - Sewer Rats
Lines # - Real PCT - Wanted PCT - Time Play
Normal Forward
1 - 36% - 40% - 17:07
2 - 27% - 30% - 13:03
3 - 22% - 20% - 10:22
4 - 15% - 10% - 7:12
Normal Defense
1 - 40% - 40% - 18:55
2 - 35% - 30% - 16:45
3 - 19% - 20% - 8:50
4 - 7% - 10% - 3:14
PP Forward
1 - 61% - 60% - 2:31
2 - 39% - 40% - 1:38
PP Defense
1 - 80% - 60% - 3:20
2 - 20% - 40% - 0:49
PK Forward
1 - 85% - 60% - 3:47
2 - 15% - 40% - 0:41
PK Defense
1 - 67% - 60% - 2:59
2 - 33% - 40% - 1:29
PK3 Forward
1 - 0% - 60%
2 - 0% - 40%
PK3 Defense
1 - 0% - 60%
2 - 0% - 40%
44 Forward
1 - 66% - 60% - 2:25
2 - 34% - 40% - 1:14
44 Defense
1 - 61% - 60% - 2:14
2 - 39% - 40% - 1:25
Last Minute Offensive - 0:00
Last Minute Defensive - 0:00
Total
Forward - 60:00
Defense - 60:00
|
% Time on Ice - Patriotes
Lines # - Real PCT - Wanted PCT - Time Play
Normal Forward
1 - 39% - 40% - 18:34
2 - 28% - 30% - 13:18
3 - 21% - 20% - 9:48
4 - 13% - 10% - 6:04
Normal Defense
1 - 42% - 40% - 20:14
2 - 33% - 30% - 15:45
3 - 20% - 20% - 9:26
4 - 5% - 10% - 2:19
PP Forward
1 - 50% - 60% - 2:14
2 - 50% - 40% - 2:14
PP Defense
1 - 62% - 60% - 2:46
2 - 38% - 40% - 1:42
PK Forward
1 - 72% - 60% - 3:00
2 - 28% - 40% - 1:09
PK Defense
1 - 59% - 60% - 2:26
2 - 41% - 40% - 1:43
PK3 Forward
1 - 0% - 60%
2 - 0% - 40%
PK3 Defense
1 - 0% - 60%
2 - 0% - 40%
44 Forward
1 - 68% - 60% - 2:29
2 - 32% - 40% - 1:10
44 Defense
1 - 61% - 60% - 2:14
2 - 39% - 40% - 1:25
Last Minute Offensive - 0:00
Last Minute Defensive - 0:00
Total
Forward - 60:00
Defense - 60:00
|
Play by Play
1st period
0:01 of 1st period - Christian Hanson wins face-off versus Kyle Turris in neutral zone.
0:14 of 1st period - Snap shot by Andrew Gordon.
0:14 of 1st period - Shot Hit the Post.
0:33 of 1st period - Snap shot by Jared Boll.
0:33 of 1st period - Shot Misses the Net.
0:53 of 1st period - Slapshot by Ryan Wilson.
0:53 of 1st period - Deflect By Mark Stone.
0:53 of 1st period - Deflect By Jarred Tinordi.
0:53 of 1st period - Shot Misses the Net.
0:53 of 1st period - Puck is out of play.
0:54 of 1st period - Evgeny Kuznetsov wins face-off versus William Karlsson in Sewer Rats zone.
0:55 of 1st period - Wrist shot by Mark Stone.
0:55 of 1st period - Shot Blocked by Ryan Murphy.
1:20 of 1st period - Kyle Turris is hit by Fedor Fedorov and loses puck.
2:47 of 1st period - David Kolomatis is hit by Matt Lashoff and loses puck.
3:30 of 1st period - Aaron Ness is hit by Joel Edmundson and loses puck.
3:53 of 1st period - Slapshot by Ville Leino.
3:53 of 1st period - Shot Blocked by Alex Petrovic.
4:11 of 1st period - Wrist shot by Christian Hanson.
4:11 of 1st period - Shot Blocked by Joel Edmundson.
4:31 of 1st period - Slapshot by Matt Lashoff.
4:31 of 1st period - Stopped by Marek Schwarz without a rebound.
4:32 of 1st period - William Karlsson wins face-off versus Zenon Konopka in Patriotes zone.
4:45 of 1st period - Wrist shot by Matt Calvert.
4:45 of 1st period - Stopped by Richard Bachman with a rebound.
5:07 of 1st period - Snap shot by Mark Mancari.
5:07 of 1st period - Shot Blocked by David Kolomatis.
5:09 of 1st period - Wrist shot by Kyle Turris.
5:09 of 1st period - Shot Blocked by Anthony Bitetto.
5:47 of 1st period - Wrist shot by Emerson Etem.
5:47 of 1st period - Stopped by Richard Bachman without a rebound.
5:48 of 1st period - Andrew Gordon wins face-off versus Kyle Turris in Sewer Rats zone.
6:18 of 1st period - Snap shot by Zach Boychuk.
6:18 of 1st period - Stopped by Marek Schwarz without a rebound.
6:19 of 1st period - Kyle Turris wins face-off versus Zenon Konopka in Patriotes zone.
6:20 of 1st period - Snap shot by Mark Mancari.
6:20 of 1st period - Stopped by Marek Schwarz without a rebound.
6:21 of 1st period - Christian Hanson wins face-off versus Kyle Turris in Patriotes zone.
6:25 of 1st period - Off-side.
6:26 of 1st period - Fedor Fedorov wins face-off versus Kyle Turris in neutral zone.
6:33 of 1st period - Wrist shot by Fedor Fedorov.
6:33 of 1st period - Stopped by Richard Bachman with a rebound.
6:41 of 1st period - Snap shot by Fedor Fedorov.
6:41 of 1st period - Deflect By Andrew Gordon.
6:41 of 1st period - Shot Misses the Net.
6:41 of 1st period - Puck is out of play.
6:42 of 1st period - Zenon Konopka wins face-off versus Jonathan Marchessault in Sewer Rats zone.
6:45 of 1st period - Snap shot by Matt Calvert.
6:45 of 1st period - Shot Blocked by Steven Kampfer.
6:48 of 1st period - Icing by Jonathan Marchessault.
6:49 of 1st period - Zenon Konopka wins face-off versus Jonathan Marchessault in Sewer Rats zone.
6:52 of 1st period - Slapshot by Ryan Wilson.
6:52 of 1st period - Shot Misses the Net.
6:57 of 1st period - Off-side.
6:58 of 1st period - Kyle Turris wins face-off versus Christian Hanson in neutral zone.
7:14 of 1st period - Minor Penalty to Timothy Kunes for Hooking.
7:15 of 1st period - Andrew Gordon wins face-off versus Kyle Turris in Patriotes zone.
7:33 of 1st period - Minor Penalty to Kyle Turris for Tripping.
7:34 of 1st period - Andrew Gordon wins face-off versus Ville Leino in Sewer Rats zone.
7:37 of 1st period - Snap shot by Andrew Gordon.
7:37 of 1st period - Deflect By Christian Hanson.
7:37 of 1st period - Shot Misses the Net.
7:37 of 1st period - Puck is out of play.
7:38 of 1st period - Ville Leino wins face-off versus Christian Hanson in Sewer Rats zone.
7:45 of 1st period - Backhand shot by Mark Mancari.
7:45 of 1st period - Shot Blocked by Christian Hanson.
8:20 of 1st period - Snap shot by Fedor Fedorov.
8:20 of 1st period - Shot Blocked by Steven Kampfer.
9:09 of 1st period - Joel Edmundson is hit by Ryan Wilson.
9:14 of 1st period - Penalty to Timothy Kunes is over, Timothy Kunes is back on ice.
9:23 of 1st period - Slapshot by Zenon Konopka.
9:23 of 1st period - Stopped by Richard Bachman without a rebound.
9:24 of 1st period - Matt Calvert wins face-off versus Vincent Trocheck in Sewer Rats zone.
9:33 of 1st period - Penalty to Kyle Turris is over, Kyle Turris is back on ice.
9:55 of 1st period - Slapshot by Timothy Kunes.
9:55 of 1st period - Stopped by Richard Bachman with a rebound.
9:59 of 1st period - Slapshot by Evgeny Kuznetsov.
9:59 of 1st period - Shot Misses the Net.
10:10 of 1st period - Major Penalty to Anthony Bitetto for Boarding.
10:11 of 1st period - Andrew Gordon wins face-off versus Ville Leino in Patriotes zone.
11:17 of 1st period - Andrew Gordon is hit by Mark Mancari and loses puck.
11:46 of 1st period - Minor Penalty to Matt Lashoff for Diving.
11:47 of 1st period - Mark Mancari wins face-off versus Andrew Gordon in Sewer Rats zone.
11:52 of 1st period - Wrist shot by Mark Mancari.
11:52 of 1st period - Shot Blocked by Ryan Wilson.
13:44 of 1st period - Snap shot by Zach Boychuk.
13:44 of 1st period - Deflect By Timothy Kunes.
13:44 of 1st period - Stopped by Marek Schwarz without a rebound.
13:45 of 1st period - Zach Boychuk wins face-off versus Scott Glennie in Patriotes zone.
13:46 of 1st period - Penalty to Matt Lashoff is over, Matt Lashoff is back on ice.
13:46 of 1st period - Snap shot by Kyle Turris.
13:46 of 1st period - Stopped by Marek Schwarz with a rebound.
14:22 of 1st period - Snap shot by Kyle Turris.
14:22 of 1st period - Shot Misses the Net.
14:24 of 1st period - Slapshot by Zach Boychuk.
14:24 of 1st period - Stopped by Marek Schwarz without a rebound.
14:25 of 1st period - Kyle Turris wins face-off versus Andrew Gordon in Patriotes zone.
14:30 of 1st period - Wrist shot by Ville Leino.
14:30 of 1st period - Shot Blocked by Timothy Kunes.
14:32 of 1st period - Snap shot by Kyle Turris.
14:32 of 1st period - Goal by Kyle Turris - Sewer Rats : 1 - Patriotes : 0.
14:33 of 1st period - Kyle Turris wins face-off versus Andrew Gordon in neutral zone.
14:42 of 1st period - Wrist shot by Kyle Turris.
14:42 of 1st period - Stopped by Marek Schwarz without a rebound.
14:43 of 1st period - Christian Hanson wins face-off versus Kyle Turris in Patriotes zone.
14:57 of 1st period - Off-side.
14:58 of 1st period - Andrew Gordon wins face-off versus Kyle Turris in neutral zone.
15:09 of 1st period - Slapshot by Steven Kampfer.
15:09 of 1st period - Shot Blocked by Christian Hanson.
15:10 of 1st period - Penalty to Anthony Bitetto is over, Anthony Bitetto is back on ice.
15:11 of 1st period - Slapshot by Steven Kampfer.
15:11 of 1st period - Stopped by Marek Schwarz without a rebound.
15:12 of 1st period - Zenon Konopka wins face-off versus Jonathan Marchessault in Patriotes zone.
15:27 of 1st period - Snap shot by Zach Boychuk.
15:27 of 1st period - Shot Misses the Net.
15:42 of 1st period - Wrist shot by Ville Leino.
15:42 of 1st period - Shot Blocked by Fedor Fedorov.
16:06 of 1st period - Slapshot by Evgeny Kuznetsov.
16:06 of 1st period - Deflect By Justin Florek.
16:06 of 1st period - Shot Misses the Net.
16:06 of 1st period - Puck is out of play.
16:07 of 1st period - Andrew Gordon wins face-off versus Jonathan Marchessault in Sewer Rats zone.
16:10 of 1st period - Snap shot by Fedor Fedorov.
16:10 of 1st period - Shot Misses the Net.
16:15 of 1st period - Off-side.
16:16 of 1st period - Jonathan Marchessault wins face-off versus Christian Hanson in neutral zone.
16:19 of 1st period - Slapshot by Steven Kampfer.
16:19 of 1st period - Stopped by Marek Schwarz with a rebound.
16:23 of 1st period - Slapshot by Jared Boll.
16:23 of 1st period - Stopped by Marek Schwarz with a rebound.
16:25 of 1st period - Snap shot by Jared Boll.
16:25 of 1st period - Stopped by Marek Schwarz with a rebound.
16:33 of 1st period - Wrist shot by Zach Boychuk.
16:33 of 1st period - Shot Misses the Net.
16:35 of 1st period - Slapshot by Matt Lashoff.
16:35 of 1st period - Shot Misses the Net.
16:37 of 1st period - Slapshot by Matt Lashoff.
16:37 of 1st period - Shot Misses the Net.
16:39 of 1st period - Slapshot by Steven Kampfer.
16:39 of 1st period - Deflect By Zach Boychuk.
16:39 of 1st period - Stopped by Marek Schwarz with a rebound.
16:41 of 1st period - Slapshot by Matt Lashoff.
16:41 of 1st period - Shot Blocked by Andrew Gordon.
17:05 of 1st period - Snap shot by Jared Boll.
17:05 of 1st period - Stopped by Marek Schwarz without a rebound.
17:06 of 1st period - Zenon Konopka wins face-off versus Ville Leino in Patriotes zone.
17:59 of 1st period - Ryan Murphy is hit by Aaron Ness and loses puck.
18:47 of 1st period - Wrist shot by Christian Hanson.
18:47 of 1st period - Shot Misses the Net.
19:01 of 1st period - Snap shot by Emerson Etem.
19:01 of 1st period - Stopped by Richard Bachman without a rebound.
19:02 of 1st period - William Karlsson wins face-off versus Tyler Randell in Sewer Rats zone.
19:11 of 1st period - Slapshot by Steven Kampfer.
19:11 of 1st period - Deflect By Daniel Carr.
19:11 of 1st period - Goal by Daniel Carr - Sewer Rats : 2 - Patriotes : 0.
19:12 of 1st period - Kyle Turris wins face-off versus Christian Hanson in neutral zone.
19:25 of 1st period - Slapshot by Ville Leino.
19:25 of 1st period - Shot Misses the Net.
19:27 of 1st period - Slapshot by Mark Mancari.
19:27 of 1st period - Shot Blocked by Fedor Fedorov.
19:37 of 1st period - Jonathan Marchessault is hit by Timothy Kunes and loses puck.
19:42 of 1st period - Slapshot by Zenon Konopka.
19:42 of 1st period - Stopped by Richard Bachman with a rebound.
19:44 of 1st period - Slapshot by David Kolomatis.
19:44 of 1st period - Deflect By Tyler Randell.
19:44 of 1st period - Stopped by Richard Bachman with a rebound.
19:46 of 1st period - Slapshot by Anthony Bitetto.
19:46 of 1st period - Shot Blocked by Steven Kampfer.
19:48 of 1st period - Wrist shot by Zenon Konopka.
19:48 of 1st period - Shot Misses the Net.
Goals for this period are 2 for Sewer Rats vs 0 for Patriotes.
Shots for this period are 15 for Sewer Rats vs 8 for Patriotes.
2nd period
0:01 of 2nd period - Christian Hanson wins face-off versus Kyle Turris in neutral zone.
0:11 of 2nd period - Slapshot by Kyle Turris.
0:11 of 2nd period - Shot Misses the Net.
0:13 of 2nd period - Snap shot by Steven Kampfer.
0:13 of 2nd period - Shot Misses the Net.
0:25 of 2nd period - Matt Lashoff is hit by Timothy Kunes and loses puck.
0:32 of 2nd period - Matt Lashoff is hit by Ryan Wilson.
0:35 of 2nd period - Off-side.
0:36 of 2nd period - Kyle Turris wins face-off versus Christian Hanson in neutral zone.
0:41 of 2nd period - Wrist shot by Mark Mancari.
0:41 of 2nd period - Shot Misses the Net.
0:58 of 2nd period - Icing by Ville Leino.
0:59 of 2nd period - Zenon Konopka wins face-off versus Kyle Turris in Sewer Rats zone.
1:06 of 2nd period - Snap shot by Matt Calvert.
1:06 of 2nd period - Stopped by Richard Bachman with a rebound.
1:14 of 2nd period - Snap shot by Zenon Konopka.
1:14 of 2nd period - Stopped by Richard Bachman without a rebound.
1:15 of 2nd period - Christian Hanson wins face-off versus Jonathan Marchessault in Sewer Rats zone.
1:18 of 2nd period - Wrist shot by Andrew Gordon.
1:18 of 2nd period - Shot Misses the Net.
1:24 of 2nd period - Snap shot by Fedor Fedorov.
1:24 of 2nd period - Deflect By Christian Hanson.
1:24 of 2nd period - Stopped by Richard Bachman with a rebound.
1:26 of 2nd period - Snap shot by Ryan Wilson.
1:26 of 2nd period - Shot Hit the Post.
1:42 of 2nd period - Zenon Konopka is hit by Vincent Trocheck.
2:02 of 2nd period - Wrist shot by Evgeny Kuznetsov.
2:02 of 2nd period - Shot Misses the Net.
2:04 of 2nd period - Snap shot by Justin Florek.
2:04 of 2nd period - Deflect By Evgeny Kuznetsov.
2:04 of 2nd period - Shot Misses the Net.
2:04 of 2nd period - Puck is out of play.
2:05 of 2nd period - Christian Hanson wins face-off versus Kyle Turris in Sewer Rats zone.
2:33 of 2nd period - Snap shot by Kyle Turris.
2:33 of 2nd period - Stopped by Marek Schwarz without a rebound.
2:34 of 2nd period - Christian Hanson wins face-off versus Jonathan Marchessault in Patriotes zone.
2:43 of 2nd period - Wrist shot by Zach Boychuk.
2:43 of 2nd period - Shot Blocked by Ryan Wilson.
3:19 of 2nd period - Ville Leino is hit by Timothy Kunes and loses puck.
3:51 of 2nd period - Slapshot by Fedor Fedorov.
3:51 of 2nd period - Shot Misses the Net.
4:21 of 2nd period - Alex Petrovic is hit by John Ramage and loses puck.
4:34 of 2nd period - Wrist shot by Martin Frk.
4:34 of 2nd period - Shot Misses the Net.
4:36 of 2nd period - Slapshot by John Ramage.
4:36 of 2nd period - Deflect By Martin Frk.
4:36 of 2nd period - Shot Hit the Post.
4:36 of 2nd period - Puck is out of play.
4:37 of 2nd period - Vincent Trocheck wins face-off versus Zenon Konopka in Patriotes zone.
4:52 of 2nd period - Snap shot by Jonathan Huberdeau.
4:52 of 2nd period - Shot Misses the Net.
5:12 of 2nd period - Snap shot by Christian Hanson.
5:12 of 2nd period - Goal by Christian Hanson - Sewer Rats : 2 - Patriotes : 1.
5:13 of 2nd period - Christian Hanson wins face-off versus Kyle Turris in neutral zone.
5:42 of 2nd period - David Kolomatis is hit by Zach Boychuk and loses puck.
6:05 of 2nd period - Slapshot by Martin Frk.
6:05 of 2nd period - Stopped by Marek Schwarz with a rebound.
6:07 of 2nd period - Slapshot by Matt Lashoff.
6:07 of 2nd period - Stopped by Marek Schwarz with a rebound.
6:45 of 2nd period - Slapshot by Ryan Wilson.
6:45 of 2nd period - Deflect By Andrew Gordon.
6:45 of 2nd period - Stopped by Richard Bachman with a rebound.
7:20 of 2nd period - Off-side.
7:21 of 2nd period - Evgeny Kuznetsov wins face-off versus Vincent Trocheck in neutral zone.
8:08 of 2nd period - Snap shot by Jared Boll.
8:08 of 2nd period - Stopped by Marek Schwarz with a rebound.
8:28 of 2nd period - Wrist shot by Matt Calvert.
8:28 of 2nd period - Shot Misses the Net.
8:32 of 2nd period - Wrist shot by Emerson Etem.
8:32 of 2nd period - Stopped by Richard Bachman without a rebound.
8:33 of 2nd period - Kyle Turris wins face-off versus Phil McRae in Sewer Rats zone.
8:54 of 2nd period - Minor Penalty to Mark Mancari for Roughing.
8:55 of 2nd period - Christian Hanson wins face-off versus Ville Leino in Sewer Rats zone.
8:58 of 2nd period - Wrist shot by Fedor Fedorov.
8:58 of 2nd period - Stopped by Richard Bachman with a rebound.
10:54 of 2nd period - Penalty to Mark Mancari is over, Mark Mancari is back on ice.
11:37 of 2nd period - Wrist shot by Emerson Etem.
11:37 of 2nd period - Shot Misses the Net.
12:45 of 2nd period - Tyler Randell is hit by Dmitrij Jaskin and loses puck.
12:58 of 2nd period - Joel Edmundson is hit by Christian Hanson and loses puck.
13:35 of 2nd period - William Karlsson is hit by Christian Hanson and loses puck.
14:00 of 2nd period - Wrist shot by Martin Frk.
14:00 of 2nd period - Shot Blocked by Ryan Wilson.
14:02 of 2nd period - Snap shot by Vincent Trocheck.
14:02 of 2nd period - Goal by Vincent Trocheck - Sewer Rats : 3 - Patriotes : 1.
14:03 of 2nd period - Kyle Turris wins face-off versus Christian Hanson in neutral zone.
14:16 of 2nd period - Icing by David Kolomatis.
14:17 of 2nd period - Christian Hanson wins face-off versus Mark Mancari in Patriotes zone.
14:32 of 2nd period - Fedor Fedorov is hit by Ville Leino and loses puck.
14:53 of 2nd period - Snap shot by Christian Hanson.
14:53 of 2nd period - Stopped by Richard Bachman with a rebound.
14:55 of 2nd period - Snap shot by David Kolomatis.
14:55 of 2nd period - Deflect By Andrew Gordon.
14:55 of 2nd period - Goal by Andrew Gordon - Sewer Rats : 3 - Patriotes : 2.
14:56 of 2nd period - Zenon Konopka wins face-off versus Kyle Turris in neutral zone.
15:02 of 2nd period - Minor Penalty to Ryan Wilson for Holding.
15:03 of 2nd period - Andrew Gordon wins face-off versus Kyle Turris in Patriotes zone.
15:45 of 2nd period - Wrist shot by Zach Boychuk.
15:45 of 2nd period - Goal by Zach Boychuk - Sewer Rats : 4 - Patriotes : 2.
15:46 of 2nd period - Christian Hanson wins face-off versus Kyle Turris in neutral zone.
15:49 of 2nd period - Slapshot by Timothy Kunes.
15:49 of 2nd period - Stopped by Richard Bachman without a rebound.
15:50 of 2nd period - Mark Mancari wins face-off versus Christian Hanson in Sewer Rats zone.
15:55 of 2nd period - Ryan Wilson is hit by Joel Edmundson and loses puck.
16:22 of 2nd period - Snap shot by Zach Boychuk.
16:22 of 2nd period - Shot Blocked by Ryan Wilson.
16:24 of 2nd period - Slapshot by Jonathan Marchessault.
16:24 of 2nd period - Stopped by Marek Schwarz without a rebound.
16:25 of 2nd period - Christian Hanson wins face-off versus Jared Boll in Patriotes zone.
16:25 of 2nd period - Christian Hanson is hit by Steven Kampfer.
16:51 of 2nd period - Matt Calvert is hit by Ville Leino and loses puck.
17:18 of 2nd period - Snap shot by Daniel Carr.
17:18 of 2nd period - Stopped by Marek Schwarz without a rebound.
17:19 of 2nd period - Christian Hanson wins face-off versus Kyle Turris in Patriotes zone.
17:34 of 2nd period - Slapshot by Kyle Turris.
17:34 of 2nd period - Stopped by Marek Schwarz with a rebound.
17:37 of 2nd period - Icing by Ryan Wilson.
17:38 of 2nd period - Christian Hanson wins face-off versus Jonathan Marchessault in Patriotes zone.
17:43 of 2nd period - Slapshot by Timothy Kunes.
17:43 of 2nd period - Stopped by Richard Bachman without a rebound.
17:44 of 2nd period - Zach Boychuk wins face-off versus Christian Hanson in Sewer Rats zone.
18:09 of 2nd period - Steven Kampfer is hit by Tyler Randell and loses puck.
18:14 of 2nd period - Slapshot by Zenon Konopka.
18:14 of 2nd period - Shot Blocked by Matt Lashoff.
18:32 of 2nd period - Snap shot by Justin Florek.
18:32 of 2nd period - Shot Misses the Net.
18:34 of 2nd period - Slapshot by Aaron Ness.
18:34 of 2nd period - Stopped by Richard Bachman with a rebound.
18:36 of 2nd period - Snap shot by Evgeny Kuznetsov.
18:36 of 2nd period - Shot Misses the Net.
18:38 of 2nd period - Slapshot by David Kolomatis.
18:38 of 2nd period - Stopped by Richard Bachman with a rebound.
19:13 of 2nd period - Wrist shot by Zach Boychuk.
19:13 of 2nd period - Goal by Zach Boychuk - Sewer Rats : 5 - Patriotes : 2.
19:14 of 2nd period - Christian Hanson wins face-off versus Kyle Turris in neutral zone.
19:29 of 2nd period - Steven Kampfer is hit by Ryan Wilson and loses puck.
19:40 of 2nd period - Kyle Turris is hit by Mark Stone and loses puck.
Goals for this period are 3 for Sewer Rats vs 2 for Patriotes.
Shots for this period are 10 for Sewer Rats vs 13 for Patriotes.
3rd period
0:01 of 3rd period - Christian Hanson wins face-off versus Kyle Turris in neutral zone.
0:01 of 3rd period - Timothy Kunes is hit by Mark Mancari and loses puck.
0:08 of 3rd period - Snap shot by Fedor Fedorov.
0:08 of 3rd period - Stopped by Richard Bachman with a rebound.
0:10 of 3rd period - Snap shot by Christian Hanson.
0:10 of 3rd period - Stopped by Richard Bachman without a rebound.
0:11 of 3rd period - Kyle Turris wins face-off versus Christian Hanson in Sewer Rats zone.
0:22 of 3rd period - Wrist shot by Christian Hanson.
0:22 of 3rd period - Shot Misses the Net.
0:24 of 3rd period - Snap shot by Christian Hanson.
0:24 of 3rd period - Shot Misses the Net.
0:26 of 3rd period - Slapshot by Timothy Kunes.
0:26 of 3rd period - Stopped by Richard Bachman without a rebound.
0:26 of 3rd period - Minor Penalty to Richard Bachman for Slashing.
0:27 of 3rd period - Christian Hanson wins face-off versus Ville Leino in Sewer Rats zone.
1:02 of 3rd period - Zach Boychuk is hit by Tyler Randell and loses puck.
2:26 of 3rd period - Penalty to Matt Lashoff is over, Matt Lashoff is back on ice.
2:31 of 3rd period - Snap shot by William Karlsson.
2:31 of 3rd period - Stopped by Marek Schwarz with a rebound.
2:35 of 3rd period - Slapshot by William Karlsson.
2:35 of 3rd period - Stopped by Marek Schwarz with a rebound.
2:37 of 3rd period - Snap shot by Joel Edmundson.
2:37 of 3rd period - Shot Hit the Post.
3:37 of 3rd period - Snap shot by Mark Mancari.
3:37 of 3rd period - Stopped by Marek Schwarz with a rebound.
3:39 of 3rd period - Snap shot by Ville Leino.
3:39 of 3rd period - Deflect By Mark Mancari.
3:39 of 3rd period - Stopped by Marek Schwarz without a rebound.
3:40 of 3rd period - Kyle Turris wins face-off versus Christian Hanson in Patriotes zone.
4:16 of 3rd period - Wrist shot by Jonathan Marchessault.
4:16 of 3rd period - Stopped by Marek Schwarz without a rebound.
4:17 of 3rd period - Jonathan Huberdeau wins face-off versus Mark Stone in Patriotes zone.
4:42 of 3rd period - Christian Hanson is hit by Mark Mancari and loses puck.
4:59 of 3rd period - Andrew Gordon is hit by Ville Leino and loses puck.
5:55 of 3rd period - Wrist shot by Phil McRae.
5:55 of 3rd period - Shot Blocked by Daniel Carr.
5:57 of 3rd period - Wrist shot by Vince Hinostroza.
5:57 of 3rd period - Shot Blocked by Daniel Carr.
5:59 of 3rd period - Wrist shot by Phil McRae.
5:59 of 3rd period - Shot Blocked by Daniel Carr.
6:01 of 3rd period - Wrist shot by Phil McRae.
6:01 of 3rd period - Shot Blocked by Daniel Carr.
6:03 of 3rd period - Slapshot by Phil McRae.
6:03 of 3rd period - Stopped by Richard Bachman with a rebound.
6:05 of 3rd period - Slapshot by David Kolomatis.
6:05 of 3rd period - Deflect By Emerson Etem.
6:05 of 3rd period - Shot Blocked by Steven Kampfer.
6:05 of 3rd period - Puck is out of play.
6:06 of 3rd period - Kyle Turris wins face-off versus Christian Hanson in Sewer Rats zone.
6:08 of 3rd period - Minor Penalty to Kyle Turris for Roughing.
6:09 of 3rd period - Christian Hanson wins face-off versus Ville Leino in Sewer Rats zone.
6:11 of 3rd period - Snap shot by Christian Hanson.
6:11 of 3rd period - Stopped by Richard Bachman with a rebound.
6:13 of 3rd period - Wrist shot by Christian Hanson.
6:13 of 3rd period - Stopped by Richard Bachman without a rebound.
6:14 of 3rd period - Christian Hanson wins face-off versus Ville Leino in Sewer Rats zone.
6:17 of 3rd period - Wrist shot by Christian Hanson.
6:17 of 3rd period - Shot Misses the Net.
6:19 of 3rd period - Wrist shot by Christian Hanson.
6:19 of 3rd period - Goal by Christian Hanson - Sewer Rats : 5 - Patriotes : 3.
6:20 of 3rd period - Christian Hanson wins face-off versus Kyle Turris in neutral zone.
6:45 of 3rd period - Tyler Randell is hit by Zach Boychuk and loses puck.
6:54 of 3rd period - Wrist shot by Zach Boychuk.
6:54 of 3rd period - Shot Misses the Net.
6:56 of 3rd period - Slapshot by Ryan Murphy.
6:56 of 3rd period - Stopped by Marek Schwarz with a rebound.
7:30 of 3rd period - Slapshot by David Kolomatis.
7:30 of 3rd period - Deflect By Emerson Etem.
7:30 of 3rd period - Stopped by Richard Bachman without a rebound.
7:31 of 3rd period - Christian Hanson wins face-off versus William Karlsson in Sewer Rats zone.
7:40 of 3rd period - Fedor Fedorov is hit by Daniel Carr and loses puck.
8:00 of 3rd period - Daniel Carr is hit by Andrew Gordon and loses puck.
8:23 of 3rd period - Backhand shot by William Karlsson.
8:23 of 3rd period - Stopped by Marek Schwarz without a rebound.
8:24 of 3rd period - Matt Calvert wins face-off versus Kyle Turris in Patriotes zone.
8:37 of 3rd period - Slapshot by Mark Mancari.
8:37 of 3rd period - Shot Misses the Net.
8:43 of 3rd period - Jarred Tinordi is hit by Tyler Randell.
8:53 of 3rd period - Slapshot by Jarred Tinordi.
8:53 of 3rd period - Shot Misses the Net.
9:21 of 3rd period - Wrist shot by Martin Frk.
9:21 of 3rd period - Goal by Martin Frk - Sewer Rats : 6 - Patriotes : 3.
9:22 of 3rd period - Christian Hanson wins face-off versus Kyle Turris in neutral zone.
9:50 of 3rd period - Snap shot by Justin Florek.
9:50 of 3rd period - Shot Blocked by Steven Kampfer.
10:15 of 3rd period - Snap shot by Zach Boychuk.
10:15 of 3rd period - Stopped by Marek Schwarz without a rebound.
10:16 of 3rd period - Zenon Konopka wins face-off versus Jonathan Marchessault in Patriotes zone.
11:05 of 3rd period - Wrist shot by Evgeny Kuznetsov.
11:05 of 3rd period - Stopped by Richard Bachman without a rebound.
11:06 of 3rd period - William Karlsson wins face-off versus Evgeny Kuznetsov in Sewer Rats zone.
11:11 of 3rd period - Snap shot by Justin Florek.
11:11 of 3rd period - Shot Blocked by William Karlsson.
11:13 of 3rd period - Slapshot by Aaron Ness.
11:13 of 3rd period - Stopped by Richard Bachman with a rebound.
11:15 of 3rd period - Snap shot by Justin Florek.
11:15 of 3rd period - Patriotes goal is going for a video replay.
11:15 of 3rd period - The goal is good.
11:15 of 3rd period - Goal by Justin Florek - Sewer Rats : 6 - Patriotes : 4.
11:16 of 3rd period - Fedor Fedorov wins face-off versus Kyle Turris in neutral zone.
13:06 of 3rd period - Icing by Ville Leino.
13:07 of 3rd period - Kyle Turris wins face-off versus Zenon Konopka in Sewer Rats zone.
14:01 of 3rd period - Icing by Jonathan Huberdeau.
14:02 of 3rd period - Zenon Konopka wins face-off versus Vincent Trocheck in Sewer Rats zone.
14:25 of 3rd period - Snap shot by Jonathan Huberdeau.
14:25 of 3rd period - Shot Misses the Net.
14:33 of 3rd period - Snap shot by Jonathan Huberdeau.
14:33 of 3rd period - Stopped by Marek Schwarz with a rebound.
14:35 of 3rd period - Slapshot by Joel Edmundson.
14:35 of 3rd period - Shot Blocked by Andrew Gordon.
14:37 of 3rd period - Wrist shot by Martin Frk.
14:37 of 3rd period - Shot Misses the Net.
14:39 of 3rd period - Slapshot by Martin Frk.
14:39 of 3rd period - Shot Hit the Post.
14:41 of 3rd period - Wrist shot by Jonathan Huberdeau.
14:41 of 3rd period - Shot Misses the Net.
15:03 of 3rd period - Christian Hanson is hit by Jonathan Huberdeau and loses puck.
15:24 of 3rd period - Wrist shot by Martin Frk.
15:24 of 3rd period - Stopped by Marek Schwarz with a rebound.
15:26 of 3rd period - Slapshot by Jarred Tinordi.
15:26 of 3rd period - Shot Blocked by Timothy Kunes.
16:14 of 3rd period - Christian Hanson is hit by Joel Edmundson and loses puck.
16:22 of 3rd period - Off-side.
16:23 of 3rd period - Kyle Turris wins face-off versus Evgeny Kuznetsov in neutral zone.
17:10 of 3rd period - Emerson Etem is hit by William Karlsson and loses puck.
18:19 of 3rd period - Off-side.
18:20 of 3rd period - William Karlsson wins face-off versus Scott Glennie in neutral zone.
18:23 of 3rd period - Snap shot by Dmitrij Jaskin.
18:23 of 3rd period - Goal by Dmitrij Jaskin - Sewer Rats : 7 - Patriotes : 4.
18:24 of 3rd period - Kyle Turris wins face-off versus Zenon Konopka in neutral zone.
18:36 of 3rd period - Slapshot by Zenon Konopka.
18:36 of 3rd period - Stopped by Richard Bachman without a rebound.
18:37 of 3rd period - Mark Mancari wins face-off versus Christian Hanson in Sewer Rats zone.
19:02 of 3rd period - Matt Lashoff is hit by Tyler Randell and loses puck.
19:07 of 3rd period - Slapshot by Matt Calvert.
19:07 of 3rd period - Stopped by Richard Bachman without a rebound.
19:08 of 3rd period - Jonathan Marchessault wins face-off versus Zenon Konopka in Sewer Rats zone.
19:50 of 3rd period - Minor Penalty to Timothy Kunes for Hooking.
19:51 of 3rd period - Christian Hanson wins face-off versus Kyle Turris in Patriotes zone.
19:55 of 3rd period - Snap shot by Kyle Turris.
19:55 of 3rd period - Shot Misses the Net.
19:57 of 3rd period - Snap shot by Kyle Turris.
19:57 of 3rd period - Goal by Kyle Turris - Sewer Rats : 8 - Patriotes : 4.
19:58 of 3rd period - Kyle Turris wins face-off versus Christian Hanson in neutral zone.
Goals for this period are 3 for Sewer Rats vs 2 for Patriotes.
Shots for this period are 13 for Sewer Rats vs 13 for Patriotes.
Back to the Top